[Event "Titled Tuesday Blitz February 14 Late 2023"]
[White "Gascon Del Nogal, Jose Rafael"]
[Black "Sivakumar, Shaaketh"]
[WhiteFideId "3902463"]
[BlackFideId "30940176"]
[WhiteElo "2459"]
[BlackElo "2337"]
[Result "0-1"]
[Round "03"]
[TimeControl "180+2"]
[Date "2023.02.14"]
[WhiteClock "0:00:06"]
[BlackClock "0:01:46"]

1. e4 e6 2. d4 d5 3. e5 c5 4. c3 Nc6 5. Nf3 Qb6 6. a3 Bd7 7. b4 cxd4 8. cxd4 a6 9. Nc3 Na7 10. Be3 Rc8 11. Na4 Bxa4 12. Qxa4+ Qc6 13. Qxc6+ Rxc6 14. Bd3 Ne7 15. Nd2 Nec8 16. Ke2 Nb5 17. Rhc1 Nb6 18. Rxc6 bxc6 19. Rg1 Na4 20. Nb3 Nxa3 21. Rc1 Kd7 22. Bxa6 Bxb4 23. Bb7 Nc3+ 24. Kd3 Nab5 25. Bd2 Rb8 26. Ba6 Na2 27. Bxb5 Nxc1+ 0-1


[Site "https://www.chess.com"]

[Event "Titled Tuesday Blitz February 14 Late 2023"]
[White "Taboas Rodriguez, Daniel"]
[Black "Cuenca Jimenez, Jose Fernando"]
[WhiteFideId "2208466"]
[BlackFideId "2255570"]
[WhiteElo "2371"]
[BlackElo "2535"]
[Result "0-1"]
[Round "03"]
[TimeControl "180+2"]
[Date "2023.02.14"]
[WhiteClock "0:00:05"]
[BlackClock "0:00:23"]

1. d4 Nf6 2. Nf3 g6 3. c4 Bg7 4. Nc3 O-O 5. e4 d6 6. Be2 Bg4 7. Be3 Nfd7 8. Ng1 Bxe2 9. Ngxe2 c5 10. d5 Qa5 11. O-O Ne5 12. Qb3 Qb4 13. Qxb4 cxb4 14. Nb5 Nxc4 15. Nc7 Nxe3 16. fxe3 Nd7 17. Nxa8 Rxa8 18. Nd4 Nc5 19. Rac1 Bf6 20. Rc4 a5 21. Nb3 b6 22. Nxc5 bxc5 23. Rb1 Kg7 24. Kf2 Be5 25. h3 Rf8 26. Ke2 f5 27. b3 fxe4 28. Rxe4 Ra8 29. Rc4 a4 30. Rc2 axb3 31. axb3 Bc3 32. Kd3 Rf8 33. Ke4 Rf5 34. Rd1 Re5+ 35. Kf3 Rf5+ 36. Ke4 Kf6 37. Ra2 Re5+ 38. Kf3 Kf7 39. e4 Rh5 40. Rf1 Bf6 41. Re2 Rh4 42. Kg3 Rh5 43. Kh2 Kg7 44. g4 Re5 45. Kg3 h5 46. Rfe1 h4+ 47. Kf4 Bg5+ 48. Kf3 e6 49. Ra1 exd5 50. Ra7+ Kf6 51. Ra6 dxe4+ 52. Rxe4 Ke6 53. Rxe5+ Kxe5 54. Ra8 Bc1 55. Rg8 g5 56. Ke2 Kd4 57. Rd8 d5 58. Kd1 Bf4 59. Kc2 Ke4 60. Kd1 c4 61. Kc2 cxb3+ 62. Kxb3 Bd2 63. Kc2 Bc3 64. Rg8 Kf4 0-1


[Site "https://www.chess.com"]

[Event "Titled Tuesday Blitz February 14 Late 2023"]
[White "Remolar Gallen, Jose"]
[Black "Haydon, David L"]
[WhiteFideId "2215187"]
[BlackFideId "415405"]
[WhiteElo "2285"]
[BlackElo "2253"]
[Result "1-0"]
[Round "03"]
[TimeControl "180+2"]
[Date "2023.02.14"]
[WhiteClock "0:02:05"]
[BlackClock "0:02:27"]

1. e4 Nf6 2. e5 Nd5 3. c4 Nb6 4. c5 Nd5 5. Bc4 e6 6. Nc3 Nxc3 7. dxc3 Bxc5 8. Qg4 Kf8 9. Nf3 h6 10. Bf4 d5 11. exd6 cxd6 12. O-O-O e5 13. Qh5 g6 14. Qxe5 1-0


[Site "https://www.chess.com"]

[Event "Titled Tuesday Blitz February 14 Late 2023"]
[White "Cruz, Jonathan"]
[Black "Gurevich, Dmitry"]
[WhiteFideId "3802124"]
[BlackFideId "2000407"]
[WhiteElo "2328"]
[BlackElo "2393"]
[Result "1-0"]
[Round "03"]
[TimeControl "180+2"]
[Date "2023.02.14"]
[WhiteClock "0:00:07"]
[BlackClock "0:00:04"]

1. e4 c5 2. Nf3 d6 3. Bb5+ Bd7 4. Bxd7+ Qxd7 5. O-O Nc6 6. Re1 Nf6 7. c3 e6 8. d4 cxd4 9. cxd4 d5 10. e5 Ne4 11. Nbd2 Nxd2 12. Bxd2 Be7 13. Rc1 Rc8 14. Bg5 O-O 15. Qd3 h6 16. Bd2 Nb4 17. Bxb4 Bxb4 18. Red1 Rxc1 19. Rxc1 Rc8 20. Qd1 Bf8 21. g3 Rxc1 22. Qxc1 Qc6 23. Qd1 b5 24. Kg2 a5 25. b3 a4 26. Qd3 axb3 27. axb3 Ba3 28. h4 b4 29. h5 Bc1 30. Ng1 Qc3 31. Qd1 Qd2 32. Qxd2 Bxd2 33. Kf3 f6 34. Ke2 Bc3 35. Nf3 fxe5 36. dxe5 Kf7 37. Kd3 Ke7 38. g4 Kd7 39. Nd4 Ke7 40. f4 Kf7 41. f5 exf5 42. gxf5 Ke7 43. Ke3 Kf7 44. Nc6 Ke8 45. e6 Kf8 46. Kf4 Ke8 47. Ke3 Kf8 48. Kd3 Ke8 49. Nd4 Ke7 50. Nb5 Be1 51. Nc7 Bg3 52. Nxd5+ Kd6 53. Ke4 Bh4 54. Ne3 Kc5 55. Ng4 Kd6 56. Nh2 Be7 57. Nf3 Bf6 58. Ne1 Be7 59. Nd3 Kc6 60. Nf4 Bd6 61. Ng6 Bc5 62. f6 gxf6 63. Kf5 Bd4 64. Nf4 Kd6 65. Ne2 Be5 66. Ng1 Ke7 67. Nf3 Bd6 68. Nh4 Bc5 69. Ng6+ Kd6 70. Kxf6 Kd5 71. e7 Bxe7+ 72. Nxe7+ Kd4 73. Nc6+ 1-0


[Site "https://www.chess.com"]

[Event "Titled Tuesday Blitz February 14 Late 2023"]
[White "Buchenau, Frank"]
[Black "Sanchez, Sebastian Felipe"]
[WhiteFideId "4604350"]
[BlackFideId "4403304"]
[WhiteElo "2222"]
[BlackElo "2427"]
[Result "0-1"]
[Round "03"]
[TimeControl "180+2"]
[Date "2023.02.14"]
[WhiteClock "0:00:26"]
[BlackClock "0:01:33"]

1. e4 e6 2. Nf3 d5 3. Nc3 Nf6 4. e5 Nfd7 5. d4 c5 6. dxc5 Nc6 7. Bf4 h6 8. Bd3 Nxc5 9. Bg3 Be7 10. O-O Bd7 11. Ne2 Rc8 12. Ned4 Qb6 13. Nb3 Nb4 14. Bh4 Nbxd3 15. Bxe7 Nxb3 16. axb3 Kxe7 17. Qxd3 Bb5 18. c4 dxc4 19. bxc4 Bxc4 20. Qa3+ Qc5 21. b4 Qb6 22. Rfd1 Be2 23. Rd6 Qb5 24. Qe3 Bxf3 25. gxf3 Rc4 26. Rad1 Rhc8 27. Qf4 Rxf4 0-1


[Site "https://www.chess.com"]

[Event "Titled Tuesday Blitz February 14 Late 2023"]
[White "Risteski, Emil"]
[Black "Jovic, Stanoje"]
[WhiteFideId "15005267"]
[BlackFideId "905020"]
[WhiteElo "2366"]
[BlackElo "2075"]
[Result "0-1"]
[Round "03"]
[TimeControl "180+2"]
[Date "2023.02.14"]
[WhiteClock "0:00:53"]
[BlackClock "0:01:09"]

1. f4 d5 2. Nf3 c5 3. e3 Nc6 4. b3 Nf6 5. Bb2 Bg4 6. Bb5 Qb6 7. Bxc6+ Qxc6 8. O-O e6 9. h3 Bxf3 10. Qxf3 h5 11. d3 h4 12. Nd2 Nh5 13. e4 O-O-O 14. a4 Ng3 15. Rfe1 f6 16. Nf1 dxe4 17. dxe4 Nxf1 18. Qxf1 c4 19. Kh1 Rd2 20. Re2 c3 21. Bc1 Bb4 22. Bxd2 cxd2 23. Rd1 Qxc2 24. Re3 Rd8 25. Qc4+ Qxc4 26. bxc4 Kc7 27. Rb3 a5 28. Kg1 Kc6 29. Kf1 Kc5 30. Ke2 Kxc4 31. Re3 Rd4 32. Rb1 f5 33. exf5 exf5 34. Rf3 Re4+ 35. Re3 Rxf4 36. Rf3 Rxf3 37. Kxf3 Kc3 38. Ke2 g5 39. Rf1 Kb3 40. Rxf5 Kxa4 41. Rxg5 Kb3 42. g3 Kc2 43. Rd5 hxg3 44. h4 g2 45. Kf2 d1=Q 46. Rxd1 Kxd1 47. Kxg2 0-1


[Site "https://www.chess.com"]

[Event "Titled Tuesday Blitz February 14 Late 2023"]
[White "Le Goff, Ronan"]
[Black "Thomforde-Toates, Noah"]
[WhiteFideId "612073"]
[BlackFideId "30951992"]
[WhiteElo "2320"]
[BlackElo "2124"]
[Result "0-1"]
[Round "03"]
[TimeControl "180+2"]
[Date "2023.02.14"]
[WhiteClock "0:01:14"]
[BlackClock "0:00:31"]

1. d4 Nf6 2. Nf3 g6 3. Bf4 Bg7 4. Nc3 d6 5. h3 Nbd7 6. e4 c6 7. e5 Nd5 8. Nxd5 cxd5 9. exd6 e6 10. c3 O-O 11. Be2 Nf6 12. O-O Ne4 13. Re1 Nxd6 14. a4 a5 15. Be5 f6 16. Bh2 Nf7 17. Nd2 b6 18. Qb3 Re8 19. Bb5 Re7 20. Re3 Bh6 21. Re2 Bd7 22. Rae1 Bxd2 23. Rxd2 Bxb5 24. Qxb5 Nd6 25. Bxd6 Qxd6 26. Rde2 Rae8 27. Re3 Kg7 28. g3 h5 29. h4 Kf7 30. Kg2 Rg8 31. Rf3 g5 32. hxg5 Rxg5 33. Rh1 Re8 34. Rh4 Rh8 35. Qa6 Qc7 36. Rhf4 f5 37. Qe2 h4 38. Re3 Qxf4 39. Rxe6 Qc7 40. Qe3 f4 41. Qe2 hxg3 0-1


[Site "https://www.chess.com"]

[Event "Titled Tuesday Blitz February 14 Late 2023"]
[White "Barbosa, Evandro Amorim"]
[Black "Rangel, Daniel"]
[WhiteFideId "2115824"]
[BlackFideId "2124475"]
[WhiteElo "2491"]
[BlackElo "2207"]
[Result "1-0"]
[Round "03"]
[TimeControl "180+2"]
[Date "2023.02.14"]
[WhiteClock "0:00:35"]
[BlackClock "0:00:02"]

1. e4 c5 2. Nf3 g6 3. Bc4 Bg7 4. O-O Nc6 5. c3 e6 6. d4 cxd4 7. Nxd4 Nxd4 8. cxd4 d5 9. exd5 exd5 10. Re1+ Ne7 11. Bb5+ Bd7 12. Bxd7+ Qxd7 13. Qe2 Bf6 14. Bh6 O-O-O 15. Nc3 Rhe8 16. Nb5 Nc6 17. Qf3 Bxd4 18. Bf4 Bc5 19. Rec1 Bb6 20. Nd6+ Qxd6 21. Bxd6 Rxd6 22. Qxf7 Re2 23. Rf1 Rd7 24. Qf8+ Kc7 25. Rac1 Rxb2 26. a4 a5 27. Qf4+ Kc8 28. Rce1 Rb4 29. Re8+ Bd8 30. Qf8 Rxa4 31. Rc1 d4 32. Qf6 d3 33. h4 d2 34. Rxc6+ bxc6 35. Qxc6+ Rc7 36. Qa8+ Kd7 37. Qxd8+ Kc6 38. Qxd2 Rc4 39. Re6+ 1-0


[Site "https://www.chess.com"]

[Event "Titled Tuesday Blitz February 14 Late 2023"]
[White "Fernandez Garcia, Gumersindo"]
[Black "Katz, Alexander"]
[WhiteFideId "24516740"]
[BlackFideId "2039796"]
[WhiteElo "2160"]
[BlackElo "2470"]
[Result "0-1"]
[Round "03"]
[TimeControl "180+2"]
[Date "2023.02.14"]
[WhiteClock "0:00:11"]
[BlackClock "0:00:24"]

1. e4 c6 2. c4 d5 3. cxd5 cxd5 4. exd5 Nf6 5. Nc3 Nxd5 6. Nf3 Nc6 7. Bb5 e6 8. d4 Bd7 9. Nxd5 exd5 10. O-O Be7 11. Bf4 O-O 12. Re1 Rc8 13. h3 Re8 14. Bd3 Bf6 15. Rxe8+ Qxe8 16. a3 g6 17. Be3 Qf8 18. Rc1 Qg7 19. Bb5 a6 20. Ba4 Bf5 21. Bb3 Be4 22. Rc5 Rd8 23. Ng5 Bxd4 24. Bxd4 Qxd4 25. Qxd4 Nxd4 26. Nxe4 dxe4 27. Rd5 Nc6 28. Kf1 Kf8 29. Rxd8+ Nxd8 30. Bd5 f5 31. Ke2 Ke7 32. Ke3 Kd6 33. Bg8 Nc6 34. Bxh7 Ne7 35. h4 Ke5 36. h5 f4+ 37. Ke2 gxh5 38. g3 f3+ 39. Ke3 Nd5+ 40. Kd2 Nf6 41. Bg6 Ng4 42. Bxh5 Nxf2 43. Be8 Kd4 44. Bd7 e3+ 45. Ke1 Nd3+ 46. Kd1 e2+ 47. Kc2 e1=Q 0-1


[Site "https://www.chess.com"]

[Event "Titled Tuesday Blitz February 14 Late 2023"]
[White "Han, Yichen"]
[Black "Martic, Ivan"]
[WhiteFideId "1054430"]
[BlackFideId "929301"]
[WhiteElo "2413"]
[BlackElo "2301"]
[Result "1-0"]
[Round "03"]
[TimeControl "180+2"]
[Date "2023.02.14"]
[WhiteClock "0:00:23"]
[BlackClock "0:00:46"]

1. d4 d6 2. e4 Nf6 3. Nc3 e5 4. Nf3 Nbd7 5. Rg1 g6 6. g4 Bg7 7. Be3 c6 8. Qd2 Qa5 9. g5 Nh5 10. Be2 O-O 11. O-O-O b5 12. a3 Rb8 13. Kb1 Nf4 14. dxe5 dxe5 15. Nd5 Qxd2 16. Ne7+ Kh8 17. Rxd2 Nb6 18. Nxc6 Rb7 19. Ncxe5 Nxe2 20. Rxe2 Nc4 21. Nxc4 bxc4 22. Bd4 c3 23. Bxg7+ Kxg7 24. b3 Rd8 25. Re3 Rc7 26. Kc1 Be6 27. Rd1 Rxd1+ 28. Kxd1 Bg4 29. Kc1 Rc5 30. h4 h6 31. gxh6+ Kxh6 32. Nd4 Kh5 33. f3 Bd7 34. Ne2 Kxh4 35. Nxc3 Be6 36. Kd2 Kg3 37. Ne2+ Kf2 38. Rd3 Rh5 39. Nf4 Ra5 40. Nxe6 fxe6 41. b4 Ra6 42. c4 g5 43. c5 Rc6 44. Rc3 Kg3 45. b5 a6 46. bxc6 1-0


[Site "https://www.chess.com"]

[Event "Titled Tuesday Blitz February 14 Late 2023"]
[White "Domingo Nunez, Ruben"]
[Black "Papayan, Oleg"]
[WhiteFideId "22245570"]
[BlackFideId "4193911"]
[WhiteElo "2416"]
[BlackElo "2253"]
[Result "1-0"]
[Round "03"]
[TimeControl "180+2"]
[Date "2023.02.14"]
[WhiteClock "0:01:11"]
[BlackClock "0:00:01"]

1. e4 d5 2. exd5 Qxd5 3. Nc3 Qd8 4. Bc4 c6 5. d3 Bf5 6. Qf3 e6 7. g4 Bg6 8. h4 h5 9. g5 Nd7 10. Qg3 Nb6 11. Bb3 Bd6 12. Bf4 Bxf4 13. Qxf4 Ne7 14. Nf3 Nbd5 15. Qd4 Nf5 16. Qc5 Qd6 17. Qxd6 Nxd6 18. Ne5 Bf5 19. Ne2 a5 20. a3 a4 21. Ba2 f6 22. Nf3 Bg4 23. Nd2 fxg5 24. hxg5 Nf7 25. f3 Bf5 26. Ne4 Bxe4 27. fxe4 Ne3 28. Kd2 Ng4 29. Bxe6 Ke7 30. Nf4 Rhd8 31. Rxh5 Nge5 32. Rf1 Nd6 33. Ke3 Rf8 34. Bh3 1-0


[Site "https://www.chess.com"]

[Event "Titled Tuesday Blitz February 14 Late 2023"]
[White "Slade, Theodore"]
[Black "Di Berardino, Diego Rafael"]
[WhiteFideId "426547"]
[BlackFideId "2105446"]
[WhiteElo "1995"]
[BlackElo "2479"]
[Result "1-0"]
[Round "03"]
[TimeControl "180+2"]
[Date "2023.02.14"]
[WhiteClock "0:00:59"]
[BlackClock "0:00:04"]

1. d4 Nf6 2. c4 g6 3. Nc3 Bg7 4. e4 d6 5. Nf3 O-O 6. Be2 e5 7. Be3 Nbd7 8. O-O Re8 9. d5 Nh5 10. Ne1 Nf4 11. Nd3 Nxe2+ 12. Qxe2 f5 13. f3 Nf6 14. c5 fxe4 15. fxe4 Ng4 16. Bd2 b6 17. cxd6 cxd6 18. Rac1 Qh4 19. h3 Nf6 20. Be1 Qg5 21. Bd2 Qh5 22. Qxh5 Nxh5 23. Nb5 Ba6 24. a4 Rec8 25. Nb4 Bxb5 26. axb5 Ng3 27. Rfe1 Rxc1 28. Bxc1 h5 29. Kh2 h4 30. Bg5 Rf8 31. Bxh4 Nf1+ 32. Kg1 Nd2 33. Be7 Rf4 34. Bg5 Nc4 35. Bxf4 exf4 36. b3 Na3 37. Nc6 Nxb5 38. Kf2 a5 39. Kf3 g5 40. Ne7+ Kf7 41. Nf5 Be5 42. h4 Kf6 43. hxg5+ Kxg5 44. Rh1 Kg6 45. Rh6+ Kg5 46. Rh7 Kf6 47. Rb7 Nc3 48. Rxb6 a4 49. bxa4 Nxa4 50. Rc6 Nb2 51. Nxd6 Kg5 52. Nf7+ Kh4 53. Rh6# 1-0


[Site "https://www.chess.com"]

[Event "Titled Tuesday Blitz February 14 Late 2023"]
[White "Mujumdar, Sameer"]
[Black "Gubajdullin, Alexei"]
[WhiteFideId "2029707"]
[BlackFideId "4141202"]
[WhiteElo "1992"]
[BlackElo "2285"]
[Result "1/2-1/2"]
[Round "03"]
[TimeControl "180+2"]
[Date "2023.02.14"]
[WhiteClock "0:00:53"]
[BlackClock "0:01:38"]

1. b3 Nf6 2. Bb2 g6 3. g3 Bg7 4. Bg2 O-O 5. Nf3 d6 6. c4 e5 7. O-O c5 8. e3 Nc6 9. d4 exd4 10. exd4 Ne4 11. Nbd2 Bf5 12. Re1 Re8 13. Nh4 Nxd2 14. Qxd2 cxd4 15. Nxf5 gxf5 16. Bxc6 bxc6 17. Bxd4 Be5 18. Rad1 Qf6 19. Kg2 f4 20. Bxe5 dxe5 21. Qc3 Re7 22. Qf3 Qg6 23. c5 Re6 24. Kh1 fxg3 25. fxg3 e4 26. Qf4 Rae8 27. Rd6 e3 28. Rxe3 Qb1+ 29. Kg2 Rxe3 30. Qg5+ Kf8 31. Qh6+ Kg8 32. Qg5+ Kh8 33. Qf6+ Kg8 34. Qg5+ 1/2-1/2


[Site "https://www.chess.com"]

[Event "Titled Tuesday Blitz February 14 Late 2023"]
[White "Fiorito, Joaquin"]
[Black "Nilsson, Joakim"]
[WhiteFideId "180173"]
[BlackFideId "1723383"]
[WhiteElo "2405"]
[BlackElo "2188"]
[Result "1-0"]
[Round "03"]
[TimeControl "180+2"]
[Date "2023.02.14"]
[WhiteClock "0:01:03"]
[BlackClock "0:01:19"]

1. d4 Nf6 2. Nc3 d5 3. Bf4 Bf5 4. f3 e6 5. g4 Bg6 6. Qd2 c5 7. Nb5 Na6 8. e3 h6 9. h4 Be7 10. c3 Qb6 11. a4 c4 12. Bg3 Kd8 13. Nh3 Ne8 14. Nf4 Bh7 15. Bg2 Nac7 16. Nxc7 Nxc7 17. e4 Kc8 18. O-O g5 19. Nh5 gxh4 20. Be5 Rg8 21. Qc2 Bg6 22. Nf6 Rd8 23. Rab1 Qb3 24. Qxb3 cxb3 25. Rbc1 Ne8 26. Nxe8 Rxe8 27. c4 dxe4 28. fxe4 Bg5 29. Rc3 Rf8 30. Rxb3 f6 31. Bd6 Rd8 32. e5 Rxd6 33. exd6 Rb8 34. c5 Kd7 35. Bxb7 Be3+ 36. Rxe3 Rxb7 37. Rxf6 1-0


[Site "https://www.chess.com"]

[Event "Titled Tuesday Blitz February 14 Late 2023"]
[White "Vlassov, Nikolai"]
[Black "Mazurkiewicz, Michal"]
[WhiteFideId "4103360"]
[BlackFideId "1124943"]
[WhiteElo "2283"]
[BlackElo "2145"]
[Result "1-0"]
[Round "03"]
[TimeControl "180+2"]
[Date "2023.02.14"]
[WhiteClock "0:00:12"]
[BlackClock "0:00:02"]

1. e4 d6 2. f4 Nf6 3. Nc3 c5 4. Nf3 Nc6 5. h3 e5 6. Bc4 Be7 7. d3 O-O 8. a4 Nd4 9. O-O Be6 10. fxe5 dxe5 11. Bg5 Bxc4 12. dxc4 Nxe4 13. Bxe7 Nxc3 14. Bxd8 Nxd1 15. Be7 Rfe8 16. Bxc5 Nxf3+ 17. Rxf3 Nxb2 18. Rb3 b6 19. Bxb6 Nxc4 20. Bf2 a5 21. Rd1 e4 22. Rd7 e3 23. Be1 Rad8 24. Rxd8 Rxd8 25. Kf1 h5 26. Ke2 Re8 27. Rb5 Re5 28. Rxe5 Nxe5 29. Kxe3 f5 30. Kd4 Nd7 31. Bxa5 g5 32. Bd8 g4 33. a5 Nb8 34. Kd5 f4 35. hxg4 hxg4 36. Ke4 Nc6 37. Bc7 f3 38. gxf3 gxf3 39. Kxf3 Nd4+ 40. Ke4 Nxc2 41. a6 Nb4 42. a7 Nc6 43. a8=Q+ 1-0


[Site "https://www.chess.com"]

[Event "Titled Tuesday Blitz February 14 Late 2023"]
[White "Alvarez Calzadilla, Jose Avelino"]
[Black "Drnovsek, Gal"]
[WhiteFideId "3526151"]
[BlackFideId "14607077"]
[WhiteElo "2386"]
[BlackElo "2397"]
[Result "0-1"]
[Round "03"]
[TimeControl "180+2"]
[Date "2023.02.14"]
[WhiteClock "0:01:02"]
[BlackClock "0:01:16"]

1. e4 e5 2. Nf3 Nc6 3. Bb5 a6 4. Ba4 b5 5. Bb3 g6 6. c3 Bg7 7. d4 exd4 8. cxd4 Na5 9. d5 d6 10. Bd2 Nxb3 11. axb3 Nf6 12. O-O O-O 13. Re1 Re8 14. Qc2 Bg4 15. Nd4 Bd7 16. Qd3 Ng4 17. Nf3 Bxb2 18. Nc3 b4 19. Ne2 Bb5 20. Qc2 Bxa1 21. Rxa1 Bxe2 22. Bg5 f6 23. Qxe2 fxg5 24. Nd4 Ne5 25. Ne6 Qd7 26. Rxa6 Rxa6 27. Qxa6 Rxe6 28. dxe6 Qxe6 29. f3 Qxb3 30. Qc8+ Kg7 31. Qxc7+ Nf7 32. Qe7 Qc3 33. h4 gxh4 34. Qxh4 b3 0-1


[Site "https://www.chess.com"]

[Event "Titled Tuesday Blitz February 14 Late 2023"]
[White "Koellner, Ruben Gideon"]
[Black "Grot, Blazej"]
[WhiteFideId "12993093"]
[BlackFideId "21835845"]
[WhiteElo "2426"]
[BlackElo "1990"]
[Result "1-0"]
[Round "03"]
[TimeControl "180+2"]
[Date "2023.02.14"]
[WhiteClock "0:00:10"]
[BlackClock "0:00:03"]

1. d4 d5 2. Nf3 Nf6 3. Nbd2 c6 4. e3 e6 5. Bd3 Bd6 6. O-O Qe7 7. e4 dxe4 8. Nxe4 Nxe4 9. Bxe4 Nd7 10. c3 Nf6 11. Bc2 h6 12. Re1 O-O 13. Qe2 Bd7 14. Ne5 Bxe5 15. dxe5 Nd5 16. a3 Rfd8 17. c4 Nc7 18. Qe4 f5 19. exf6 Qxf6 20. Re3 Qf5 21. g4 Qxe4 22. Bxe4 Ne8 23. h3 Nd6 24. Bd3 Rf8 25. b4 Rae8 26. Bb2 Nf7 27. Rae1 Ng5 28. Kg2 e5 29. Rxe5 Rxe5 30. Rxe5 Nxh3 31. Kg3 Ng5 32. f4 Ne6 33. f5 Ng5 34. c5 Re8 35. Bc4+ Kf8 36. Kf4 Rxe5 37. Bxe5 Nf7 38. Bb8 a6 39. a4 Ke8 40. a5 Ng5 41. Be5 Kf8 42. Bd6+ Ke8 43. Ke5 Nf7+ 44. Kd4 Nxd6 45. cxd6 h5 46. gxh5 Bxf5 47. Ke5 Bg4 48. Be6 Bxh5 49. Bc8 Kd8 50. Bxb7 c5 51. bxc5 Be8 52. c6 g5 53. c7+ Kd7 54. c8=Q# 1-0


[Site "https://www.chess.com"]

[Event "Titled Tuesday Blitz February 14 Late 2023"]
[White "Poeta, Caio Medeiros"]
[Black "Kalogeris, Ioannis"]
[WhiteFideId "2142660"]
[BlackFideId "4239563"]
[WhiteElo "2088"]
[BlackElo "2423"]
[Result "0-1"]
[Round "03"]
[TimeControl "180+2"]
[Date "2023.02.14"]
[WhiteClock "0:00:06"]
[BlackClock "0:00:24"]

1. d4 d5 2. c4 c6 3. cxd5 cxd5 4. Nc3 Nc6 5. Bg5 Nf6 6. e3 Bf5 7. Bd3 Bxd3 8. Qxd3 e6 9. Nge2 Be7 10. O-O O-O 11. a3 Rc8 12. b4 Ne8 13. Bf4 Nd6 14. Bxd6 Bxd6 15. Rac1 a5 16. b5 Nb8 17. a4 Nd7 18. e4 dxe4 19. Nxe4 Bb4 20. Rxc8 Qxc8 21. Ng5 Nf6 22. Rc1 Qd7 23. Ng3 h6 24. N5e4 Nd5 25. Nc5 Qe7 26. Nce4 Rd8 27. Qf3 b6 28. h3 f5 29. Nxf5 exf5 30. Qxf5 Qf7 31. Qg4 Qf4 32. Qe6+ Kh8 33. Rc6 Be1 34. f3 Qe3+ 35. Kh1 Bh4 36. Rc8 Qe1+ 37. Kh2 Bg3+ 38. Nxg3 Qxe6 39. Rxd8+ Kh7 40. Ne4 Ne3 41. d5 Nxd5 42. h4 Qe5+ 43. Kg1 Ne3 44. Kf2 Nf5 45. h5 Qb2+ 46. Kg1 Qc1+ 47. Kh2 Qc7+ 0-1


[Site "https://www.chess.com"]

[Event "Titled Tuesday Blitz February 14 Late 2023"]
[White "CheckBits"]
[Black "Janaszak, Dawid"]
[BlackFideId "1119206"]
[WhiteElo "2468"]
[BlackElo "2316"]
[Result "0-1"]
[Round "03"]
[TimeControl "180+2"]
[Date "2023.02.14"]
[WhiteClock "0:00:01"]
[BlackClock "0:00:35"]

1. e4 c5 2. Nf3 Nc6 3. Bb5 e5 4. O-O Nge7 5. Re1 g6 6. a4 Bg7 7. c3 O-O 8. Na3 d6 9. d3 h6 10. h3 f5 11. exf5 Nxf5 12. Bxc6 bxc6 13. Nc2 Nh4 14. Nxh4 Qxh4 15. Be3 Rb8 16. b4 cxb4 17. cxb4 Rb7 18. d4 Rbf7 19. Re2 Bxh3 20. gxh3 Qxh3 21. Qf1 Qg4+ 22. Kh1 Rf3 23. Qg2 Rh3+ 24. Kg1 Qxe2 25. Qxh3 Qxc2 26. Qe6+ Kh7 27. Qxd6 exd4 28. Bxd4 Qd2 29. Bc5 Qxd6 30. Bxd6 Rd8 31. Be7 Re8 32. Re1 Bf6 33. Re6 Bxe7 34. Rxc6 Bxb4 35. Rc7+ Re7 36. Rc8 a5 0-1


[Site "https://www.chess.com"]

[Event "Titled Tuesday Blitz February 14 Late 2023"]
[White "Forgacs, Attila Jr."]
[Black "Marosi, Levente"]
[WhiteFideId "773654"]
[BlackFideId "747181"]
[WhiteElo "2264"]
[BlackElo "2303"]
[Result "0-1"]
[Round "03"]
[TimeControl "180+2"]
[Date "2023.02.14"]
[WhiteClock "0:00:43"]
[BlackClock "0:01:36"]

1. e4 c6 2. d4 d5 3. Nd2 dxe4 4. Nxe4 Bf5 5. Ng3 Bg6 6. h4 h6 7. Nf3 e6 8. h5 Bh7 9. Ne5 Nd7 10. f4 Ngf6 11. Bd3 Bxd3 12. Qxd3 c5 13. b3 cxd4 14. Nxf7 Kxf7 15. Qg6+ Kg8 16. O-O Qe8 17. Qd3 Nxh5 18. Nxh5 Qxh5 19. f5 Bd6 20. Bf4 Bxf4 21. Rxf4 e5 22. Rf3 Nf6 23. Rg3 Rd8 24. Qc4+ Qf7 25. Qe2 e4 26. Rg6 Kh7 27. Rf1 d3 28. cxd3 exd3 29. Qd2 Rhe8 30. g4 Re2 31. Qf4 Qd5 32. Qg3 Qd4+ 33. Kh1 Qe4+ 34. Kg1 Qe3+ 35. Qxe3 Rxe3 0-1


[Site "https://www.chess.com"]

[Event "Titled Tuesday Blitz February 14 Late 2023"]
[White "Saveliev, Alexei"]
[Black "Dinu, Dumitru-Daniel"]
[WhiteFideId "24128546"]
[BlackFideId "1208403"]
[WhiteElo "2385"]
[BlackElo "2203"]
[Result "1-0"]
[Round "03"]
[TimeControl "180+2"]
[Date "2023.02.14"]
[WhiteClock "0:01:12"]
[BlackClock "0:00:01"]

1. c4 e5 2. Nc3 Nc6 3. Nf3 f5 4. d4 e4 5. d5 exf3 6. dxc6 fxg2 7. Bxg2 bxc6 8. Bf4 Nf6 9. O-O Bb4 10. Nb5 O-O 11. Nxc7 Rb8 12. Ne6 dxe6 13. Bxb8 Qb6 14. Bf4 Ba6 15. Rc1 Rd8 16. Qa4 Bd2 17. c5 Qb7 18. Rcd1 Bxe2 19. Rxd2 Rxd2 20. Bxd2 Bxf1 21. Bxf1 Qxb2 22. Be3 Ng4 23. Qxc6 Qb8 24. Qxe6+ Kh8 25. Qd6 Qe8 26. c6 Nxe3 27. c7 Nxf1 28. Qd8 1-0


[Site "https://www.chess.com"]

[Event "Titled Tuesday Blitz February 14 Late 2023"]
[White "Ferreira, Vitor Hugo Vieira"]
[Black "Poliakova, Varvara"]
[WhiteFideId "2119765"]
[BlackFideId "13518313"]
[WhiteElo "2128"]
[BlackElo "2010"]
[Result "0-1"]
[Round "03"]
[TimeControl "180+2"]
[Date "2023.02.14"]
[WhiteClock "0:01:25"]
[BlackClock "0:01:24"]

1. Nf3 f5 2. e4 fxe4 3. Ng5 Nf6 4. d3 d6 5. dxe4 Nc6 6. Nc3 h6 7. Nf3 e5 8. Bc4 Bg4 9. h3 Bh5 10. Be3 Qd7 11. Qd2 O-O-O 12. O-O-O Kb8 13. g4 Bf7 14. Bb5 a6 15. Ba4 Bg6 16. Nh4 Nxe4 17. Nxe4 Bxe4 18. f3 Bh7 19. Bf2 Be7 20. Qe3 Bg5 21. f4 Bxf4 22. Qxf4 exf4 0-1


[Site "https://www.chess.com"]

[Event "Titled Tuesday Blitz February 14 Late 2023"]
[White "Popilski, Gil"]
[Black "Dzierzak, Radoslaw"]
[WhiteFideId "2809060"]
[BlackFideId "1161407"]
[WhiteElo "2443"]
[BlackElo "2220"]
[Result "1-0"]
[Round "03"]
[TimeControl "180+2"]
[Date "2023.02.14"]
[WhiteClock "0:01:40"]
[BlackClock "0:00:02"]

1. e4 c6 2. d4 d5 3. exd5 cxd5 4. c4 Nf6 5. Nc3 e6 6. Nf3 Bb4 7. cxd5 Nxd5 8. Bd2 O-O 9. Bc4 Nc6 10. O-O Bd6 11. Re1 Nce7 12. Ne4 b6 13. Nxd6 Qxd6 14. Rc1 Bb7 15. Ne5 f6 16. Nd3 Nf5 17. Bb4 Qd7 18. Bxf8 Rxf8 19. Qg4 h5 20. Qxh5 Nxd4 21. Rcd1 Qa4 22. Bxd5 Bxd5 23. b3 Qxa2 24. Nb4 Qb2 25. Nxd5 1-0


[Site "https://www.chess.com"]

[Event "Titled Tuesday Blitz February 14 Late 2023"]
[White "Klose, Eli"]
[Black "Meunier-Pion, Jean"]
[WhiteFideId "16242955"]
[BlackFideId "20685327"]
[WhiteElo "1519"]
[BlackElo "2215"]
[Result "1-0"]
[Round "03"]
[TimeControl "180+2"]
[Date "2023.02.14"]
[WhiteClock "0:01:12"]
[BlackClock "0:00:01"]

1. e4 c5 2. Nc3 d6 3. g3 g6 4. Bg2 Bg7 5. d3 Nc6 6. Be3 e6 7. Qd2 Nd4 8. Nd1 Rb8 9. c3 Nc6 10. Ne2 Bd7 11. O-O b5 12. f4 Nge7 13. d4 cxd4 14. Nxd4 Na5 15. b3 O-O 16. Nc2 d5 17. Bxa7 Rc8 18. Bd4 dxe4 19. Bxg7 Kxg7 20. Bxe4 Nf5 21. Nde3 Bc6 22. Qxd8 Rfxd8 23. Bxf5 exf5 24. Rad1 Be4 25. Rxd8 Rxd8 26. Nb4 Nb7 27. Rd1 Rc8 28. c4 bxc4 29. Nxc4 Rb8 30. Nd5 Nc5 31. Nc3 Bf3 32. Rd2 Re8 33. Kf2 Bc6 34. Ne5 Bb7 35. b4 Ne4+ 36. Nxe4 Bxe4 37. Rd7 Rf8 38. a4 Kh6 39. Nxf7+ 1-0


[Site "https://www.chess.com"]